 Dungeon Crawl Stone Soup version 0.23.2-1-ga50397a (webtiles) character file.

Game seed: 16189517284703304269

754 MalarOregon the Ruffian (level 7, -7/60 HPs)
             Began as a Ghoul Warper on May 28, 2019.
             Mangled by Prince Ribbit (18 damage)
             ... on level 4 of the Dungeon.
             The game lasted 00:10:08 (5146 turns).

MalarOregon the Ruffian (Ghoul Warper)              Turns: 5146, Time: 00:10:09

Health: -7/60      AC:  6    Str: 20    XL:     7   Next: 79%
Magic:  8/8        EV: 13    Int:  9    God:
Gold:   208        SH:  4    Dex:  9    Spells: 7/9 levels left

rFire    . . .     SeeInvis .     - Unarmed
rCold    + . .     Gourm    .   (no shield)
rNeg     + + +     Faith    .   a - +0 leather armour
rPois    ∞         Spirit   .   n - +1 helmet
rElec    .         Reflect  +   (no cloak)
rCorr    .         Harm     .   l - +0 pair of gloves
MR       .....                  (no boots)
Stlth    +.........             k - +4 amulet of reflection
HPRegen  0.00/turn              (no ring)
MPRegen  0.11/turn              (no ring)

@: mighty, rotting, hasted, lightly drained, very quick
A: rotting body, claws 1, carnivore, cold resistance 1, negative energy
resistance 3, inhibited regeneration, torment resistance, unbreathing
a: no special abilities


You were on level 4 of the Dungeon.
You were not hungry.

You visited 1 branch of the dungeon, and saw 5 of its levels.

You collected 208 gold pieces.

Inventory:

Missiles
 d - 3 tomahawks of dispersal (quivered) {!f}
Armour
 a - a +0 leather armour (worn)
 l - a +0 pair of gloves (worn)
   (You found it on level 4 of the Dungeon)
 n - a +1 helmet (worn)
   (You found it on level 3 of the Dungeon)
Jewellery
 k - a +4 amulet of reflection (around neck)
   (You found it on level 4 of the Dungeon)
Wands
 u - a wand of paralysis (3)
   (You found it on level 5 of the Dungeon)
Scrolls
 c - 2 scrolls of blinking
 g - 4 scrolls of identify {@r1}
 h - a scroll of remove curse {@r2}
 j - a scroll of teleportation {@r4}
 r - a scroll of fog {unknown}
Potions
 i - 3 potions of curing {@q1}
 m - a potion of haste {@q3}
 o - a potion of flight
 p - a potion of magic
Comestibles
 e - 6 rations {!d}


   Skills:
 + Level 4.5(4.3) Fighting
 - Level 0.8(0.7) Throwing
 + Level 3.3(3.1) Armour
 + Level 3.7(3.6) Dodging
 * Level 6.1(5.9) Unarmed Combat
 - Level 1.7(1.6) Spellcasting
 - Level 2.6(2.5) Translocations
 + Level 0.6(0.5) Evocations


You had 7 spell levels left.
You knew the following spells:

 Your Spells              Type           Power        Failure   Level  Hunger
b - Blink                 Tloc           N/A          22%         2    ###....

Your spell library contained the following spells:

 Spells                   Type           Power        Failure   Level  Hunger
 Shroud of Golubria       Chrm/Tloc      #.........   34%         2    ###....
 Gell's Gravitas          Tloc           #.........   38%         3    ####...
 Lesser Beckoning         Tloc           #.........   38%         3    ####...
 Teleport Other           Tloc           #.......     38%         3    ####...
 Passage of Golubria      Tloc           N/A          80%         4    #####..


Dungeon Overview and Level Annotations

Branches:
Dungeon (5/15)
 Temple: D:4-7

Altars:
Kikubaaqudgha
Ru

Shops:
D:4 (

Annotations:
D:3 Terandir's ghost, amateur MiFi
D:4 Prince Ribbit


Innate Abilities, Weirdness & Mutations

Your body is rotting away.
You thrive on raw meat.
You are immune to poison.
You have sharp fingernails.
You are carnivorous and can eat meat at any time.
Your flesh is cold resistant. (rC+)
You are immune to negative energy. (rN+++)
You do not regenerate when monsters are visible.
You are immune to unholy pain and torment.
You can survive without breathing.


Message History

You climb upwards.
There is a stone staircase leading down here.
You start resting.
You feel your flesh rotting away.
You climb downwards.
Level annotation: Prince Ribbit Prince Ribbit hits you!
Prince Ribbit hits you.
There is a stone staircase leading up here.
Unknown command.
Prince Ribbit hits you!
* * * LOW HITPOINT WARNING * * *
Prince Ribbit barely misses you.
You climb upwards.
There is a stone staircase leading down here.
Unknown command.
Unknown command.
You miss Prince Ribbit. Prince Ribbit barely misses you.
You closely miss Prince Ribbit. Your punch misses Prince Ribbit.
Prince Ribbit hits you but does no damage.
You hit Prince Ribbit. Prince Ribbit barely misses you.
You punch Prince Ribbit!
Prince Ribbit sighs, "It's not easy being green!"
Prince Ribbit misses you.
You miss Prince Ribbit. Prince Ribbit barely misses you. x2
You hit Prince Ribbit. Prince Ribbit closely misses you.
You hit Prince Ribbit.
Prince Ribbit blinks!
Prince Ribbit blinks!
You barely miss Prince Ribbit.
Prince Ribbit blinks!
Prince Ribbit blinks!
Prince Ribbit blinks!
Prince Ribbit barely misses you.
You hit Prince Ribbit. Prince Ribbit hits you.
* * * LOW HITPOINT WARNING * * *
You hit Prince Ribbit but do no damage. Prince Ribbit barely misses you.
You hit Prince Ribbit.
Prince Ribbit catches a small bird with his tongue.
Prince Ribbit closely misses you.
You miss Prince Ribbit. You block Prince Ribbit's attack.
Prince Ribbit hits you!
* * * LOW HITPOINT WARNING * * *
You feel much better. Prince Ribbit closely misses you.
It was a potion of might.
You feel very mighty all of a sudden. Prince Ribbit hits you!
* * * LOW HITPOINT WARNING * * *
Prince Ribbit hits you but does no damage.
You feel yourself speed up.
Prince Ribbit catches a spider with his tongue.
Prince Ribbit hits you!!
You die...

#...#....#....##.........
##..###.[#....###########
#.......#....#
#..####.#....# #####
##.#....#....# #.#.##
####'#....#....##
.#.⌠.###.........###...#
#.#.#.##.......F.###...#
.⌠.#...#........@..'...#
#.#.⌠.⌠#....(..[.###...#
.#..._.#.........# #...#
#.#.⌠.⌠#.......#.# #...#
.⌠.#..[#.......#.# #...#
#.#.#.##.........# #...#
.#.⌠.###.........# #####
#.#.## ########..####
##### #......#


You could see Prince Ribbit.

Vanquished Creatures
  Sigmund (D:2)
  3 vampire bats (D:4)
  A crimson imp (D:4)
  3 hounds
  2 orc priests (D:3)
  A centaur skeleton (D:4)
  3 orc wizards
  A worker ant (D:4)
  7 adders
  3 gnolls (D:3)
  3 worms
  5 dart slugs
  2 leopard geckos
  5 orcs
  A ball python (D:3)
  2 bat skeletons (D:4)
  4 bat zombies (D:4)
  3 giant cockroaches
  4 goblins
  A hobgoblin (D:2)
  A jackal (D:2)
  A quokka (D:4)
  4 bats
  8 frilled lizards
  2 kobolds (D:2)
  5 rats
76 creatures vanquished.

Vanquished Creatures (others)
  A kobold (D:1)
1 creature vanquished.

Grand Total: 77 creatures vanquished

Notes
Turn   | Place    | Note
-------+----------+-------------------------------------------
     0 | D:1      | MalarOregon the Ghoul Warper began the quest for the Orb.
     0 | D:1      | Reached XP level 1. HP: 17/17 MP: 2/2
    50 | D:1      | Reached skill level 1 in Armour
    83 | D:1      | Reached XP level 2. HP: 17/25 MP: 3/3
   642 | D:2      | Reached XP level 3. HP: 2/30 MP: 4/4
  1019 | D:2      | Reached skill level 3 in Unarmed Combat
  1187 | D:1      | Reached XP level 4. HP: 33/37 MP: 5/5
  1340 | D:2      | Found a sacrificial altar of Ru.
  2058 | D:3      | Noticed Sigmund
  2074 | D:2      | Killed Sigmund
  2074 | D:2      | Reached skill level 4 in Unarmed Combat
  2074 | D:2      | Reached XP level 5. HP: 20/45 MP: 6/6
  2074 | D:2      | Reached XP level 6. HP: 22/51 MP: 7/7
  2704 | D:3      | Found a runed translucent door.
  2707 | D:3      | Noticed Terandir's ghost (amateur MiFi)
  3041 | D:3      | Reached skill level 5 in Unarmed Combat
  3578 | D:4      | Learned a level 2 spell: Blink
  3833 | D:4      | Reached XP level 7. HP: 39/58 MP: 8/8
  3898 | D:5      | Entered Level 5 of the Dungeon
  4258 | D:4      | Found an ancient bone altar of Kikubaaqudgha.
  4758 | D:4      | Found Hoysch's Antique Weapon Shop.
  4803 | D:5      | Noticed Prince Ribbit
  4921 | D:5      | Reached skill level 6 in Unarmed Combat
  5146 | D:4      | Mangled by Prince Ribbit

Skill      XL: |  1  2  3  4  5  6  7 |
---------------+----------------------+-----
Armour         | 1 2 3 |  3.3
Dodging        | 2 3 |  3.7
Unarmed Combat | 3 4 5 6 |  6.1
Fighting       | 3 4 |  4.5
Throwing       | |  0.8
Spellcasting   | |  1.7
Translocations | |  2.6
Evocations     | |  0.6

Action                   |  1- 3 |  4- 6 |  7- 9 || total
-------------------------+-------+-------+-------++-------
Melee: Unarmed           |    88 |   214 |   137 ||   439
       Punch             |       |     1 |     2 ||     3
Throw: Tomahawk          |       |       |     2 ||     2
  Use: Potion            |     4 |     1 |     3 ||     8
       Scroll            |       |     7 |     2 ||     9
  Eat: Chunk             |     1 |     9 |     8 ||    18
       Ration            |       |     1 |       ||     1
Armor: Leather armour    |    20 |    37 |    80 ||   137
Dodge: Dodged            |    62 |   107 |   140 ||   309
Block: Other             |       |       |    10 ||    10
